 Dungeon Crawl Stone Soup version 0.20.0-15-g7f486f2 (webtiles) character file.

138 Chiseanne the Skirmisher (level 5, 39/42 HPs)
             Began as a Demonspawn Wanderer on June 27, 2017.
             Quit the game on level 3 of the Dungeon.
             The game lasted 00:06:06 (2395 turns).

Chiseanne the Skirmisher (Demonspawn Wanderer)      Turns: 2395, Time: 00:06:07

Health: 39/42      AC:  7    Str: 14    XL:     5   Next: 1%
Magic:  6/8        EV: 11    Int: 11    God:
Gold:   164        SH:  0    Dex: 14    Spells: 8/8 levels left

rFire    . . .     SeeInvis .   a - +1 short sword
rCold    . . .     Gourm    .   (no shield)
rNeg     + . .     Faith    .   c - +0 ring mail
rPois    .         Spirit   +   (helmet restricted)
rElec    .         Reflect  .   (no cloak)
rCorr    .         Harm     .   (no gloves)
MR       .....                  l - +1 pair of boots
Stlth    +.........             m - amulet of magic regeneration
Regen    0.2/turn               q - ring of positive energy
MPRegen  0.2/turn               (no ring)

@: no status effects
A: antennae 1, magic shield
a: no special abilities


You were on level 3 of the Dungeon.
You were not hungry.

You visited 1 branch of the dungeon, and saw 3 of its levels.

You collected 164 gold pieces.

Inventory:

Hand Weapons
 a - a +1 short sword (weapon)
 w - a +2 shortbow
Missiles
 b - 6 arrows
 g - 22 bolts
 k - 91 stones (quivered)
 o - 44 poisoned needles
 y - a throwing net
Armour
 c - a +0 ring mail (worn)
 l - a +1 pair of boots (worn)
Jewellery
 h - an uncursed ring of fire {unknown}
 m - an amulet of magic regeneration (around neck)
 q - a ring of positive energy (left hand)
 v - a +5 ring of dexterity {unknown}
 x - a cursed amulet of faith {unknown}
Scrolls
 d - 3 scrolls of teleportation
 t - a scroll of enchant armour
Potions
 e - a potion of berserk rage {unknown}
 i - 2 potions of heal wounds {unknown}
 p - 2 potions of flight {unknown}
 r - 2 potions of agility
 s - a potion of curing {unknown}
 u - a potion of experience {unknown}
Comestibles
 f - 3 bread rations
 j - 2 meat rations
 n - 5 chunks of flesh


   Skills:
 * Level 4.1 Fighting
 - Level 1.7 Bows
 - Level 1.0 Throwing
 * Level 2.3 Armour
 * Level 2.1 Dodging
   Level 1.0 Shields
 - Level 2.0 Spellcasting
   Level 1.0 Earth Magic


You had 8 spell levels left.
You didn't know any spells.

Dungeon Overview and Level Annotations

Branches:
Dungeon (3/15)

Altars:
Elyvilon

Annotations:
D:3 gorpus's ghost, amateur DECj


Innate Abilities, Weirdness & Mutations

You have a pair of small antennae on your head.
When hurt, damage is shared between your health and your magic reserves.


Message History

The adder is moderately wounded.
The adder closely misses you.
You hit the adder.
The adder is severely wounded.
The adder bites you but does no damage. The adder barely misses you.
You barely miss the adder.
The adder is severely wounded.
The adder misses you.
You closely miss the adder.
The adder is severely wounded.
The adder barely misses you. The adder bites you.
You closely miss the adder.
The adder is severely wounded.
The adder barely misses you.
You hit the adder.
You kill the adder!
You have reached level 5!
Your demonic ancestry asserts itself...
A pair of antennae grows on your head!
Are you sure you want to abandon this character and quit the game? (Confirm with "yes".)

#.# #.#
################.#
#................#
##.#############.#
#.# ... #.#### #.#
..# #.#...
#.#####.# #.#...
#..@†...# #.....
######..# #.#...
#..#####.#.#...
#........#.#...
#...######.#...
#...# #.#... #...#
#.#... #...#
#.#... #..$# ####


There were no monsters in sight!

Vanquished Creatures
  An orc wizard (D:3)
  3 adders
  An ooze (D:1)
  2 worms
  4 dart slugs
  A leopard gecko (D:2)
  8 orcs (D:3)
  7 bats
  4 goblins
  6 hobgoblins
  4 jackals
  3 quokkas (D:3)
  4 frilled lizards
  6 kobolds
  8 rats
62 creatures vanquished.

Notes
Turn   | Place    | Note
-------+----------+-------------------------------------------
     0 | D:1      | Chiseanne the Demonspawn Wanderer began the quest for the Orb.
     0 | D:1      | Chiseanne set off with: a +2 shortbow, 25 arrows, a +0 ring mail, a scroll of teleportation, a bread ration
     0 | D:1      | Reached XP level 1. HP: 18/18 MP: 3/3
   248 | D:1      | Gained mutation: When hurt, damage is shared between your health and your magic reserves. [demonic ancestry]
   248 | D:1      | Reached XP level 2. HP: 24/24 MP: 5/5
   253 | D:1      | Reached skill level 1 in Armour
   312 | D:1      | Reached skill level 1 in Dodging
   712 | D:1      | Reached XP level 3. HP: 28/29 MP: 6/6
   855 | D:2      | Found a white marble altar of Elyvilon.
  1381 | D:3      | Reached XP level 4. HP: 37/37 MP: 7/7
  1424 | D:3      | Noticed gorpus's ghost (amateur DECj)
  2145 | D:3      | Reached skill level 4 in Fighting
  2394 | D:3      | Gained mutation: You have a pair of small antennae on your head. [demonic ancestry]
  2394 | D:3      | Reached XP level 5. HP: 39/42 MP: 6/8
  2395 | D:3      | Quit the game

Skill      XL: |  1  2  3  4 |
---------------+-------------+-----
Armour         | 1 2 |  2.3
Dodging        | 1 2 |  2.1
Fighting       | 4 |  4.1
Bows           | |  1.7
Throwing       | |  1.0
Shields        | |  1.0
Spellcasting   | |  2.0
Earth Magic    | |  1.0

Action                   |  1- 3 |  4- 6 || total
-------------------------+-------+-------++-------
Melee: Short sword       |     2 |    83 ||    85
 Fire: Shortbow          |   118 |    17 ||   135
Throw: Stone             |     2 |     3 ||     5
       Throwing net      |     1 |       ||     1
  Use: Scroll            |     8 |     1 ||     9
  Eat: Chunk             |     1 |     2 ||     3
       Royal jelly       |       |     1 ||     1
Armor: Ring mail         |    25 |    35 ||    60
Dodge: Dodged            |    21 |    48 ||    69
